TOP OF THE 1ST |
Butler HS Golden Tornado batting - Pitching for Dublin Jerome HS Celtics : RHP Juan Domínguez
|
Pitching: RHP Juan Domínguez
|
|
Batting: RHB Héctor Meléndez
|
0-0: Ground out 6-3 (Groundball, 6)
|
Batting: RHB Warren Thornton
|
0-0: Ball 1-0: Ball 2-0: Ball 3-0: Called Strike 3-1: SINGLE (Line Drive, 4MD)
|
Batting: LHB Francisco Sousa
|
0-0: Called Strike 0-1: Fly out, F8 (Flyball, 8RM)
|
Batting: RHB Luis Mota
|
0-0: Called Strike 0-1: Called Strike 0-2: Ball 1-2: Strikes out swinging
|
Top of the 1st over - 0 run(s), 1 hit(s), 0 error(s), 1 left on base; Butler HS 0 - Dublin Jerome HS 0 |
BOTTOM OF THE 1ST |
Dublin Jerome HS Celtics batting - Pitching for Butler HS Golden Tornado : RHP Greg Woods
|
Pitching: RHP Greg Woods
|
|
Batting: RHB Michael Irvin
|
0-0: Ball 1-0: Ball 2-0: Ball 3-0: Base on Balls
|
Batting: LHB Spencer Copeland
|
0-0: Called Strike 0-1: Ball 1-1: Ball 2-1: Foul Ball, location: 2F 2-2: Strikes out swinging
|
Batting: RHB Bill Becker
|
0-0: Called Strike 0-1: Ball 1-1: Foul Ball, location: 2F 1-2: Fly out, F8 (Flyball, 8RS)
|
Batting: SHB Brian Jackson
|
0-0: Called Strike 0-1: Ball 1-1: Ball 2-1: Called Strike 2-2: Ground out U3 (Groundball, 34S)
|
Bottom of the 1st over - 0 run(s), 0 hit(s), 0 error(s), 1 left on base; Butler HS 0 - Dublin Jerome HS 0 |
TOP OF THE 2ND |
Butler HS Golden Tornado batting - Pitching for Dublin Jerome HS Celtics : RHP Juan Domínguez
|
Batting: RHB Blake Carpenter
|
0-0: Ball 1-0: Called Strike 1-1: Ball 2-1: Foul Ball, location: 2F 2-2: Strikes out looking
|
Batting: RHB Ernie Saunders
|
0-0: Ball 1-0: SINGLE (Groundball, 4MD)
|
Batting: RHB Matt McDonald
|
0-0: Foul Ball, location: 2F 0-1: DOUBLE (Line Drive, 8LXD) Ernie Saunders to third
|
Batting: RHB Tom Copeland
|
0-0: Ball 1-0: Called Strike 1-1: Foul Ball, location: 2F 1-2: Ball 2-2: Ball 3-2: Foul Ball, location: 2F 3-2: Base on Balls
|
Batting: RHB David Gibson
|
0-0: Ball 1-0: Swinging Strike 1-1: Swinging Strike 1-2: Ball 2-2: Strikes out looking
|
Batting: RHB Héctor Meléndez
|
0-0: Ball 1-0: Fielders Choice at 2nd, 4-6 (Groundball, 4)
|
Top of the 2nd over - 0 run(s), 2 hit(s), 0 error(s), 2 left on base; Butler HS 0 - Dublin Jerome HS 0 |
BOTTOM OF THE 2ND |
Dublin Jerome HS Celtics batting - Pitching for Butler HS Golden Tornado : RHP Greg Woods
|
Batting: RHB Ben Griffin
|
0-0: Called Strike 0-1: Foul Ball, location: 2F 0-2: Strikes out swinging
|
Batting: RHB Pedro Polanco
|
0-0: Ball 1-0: Called Strike 1-1: Foul Ball, location: 2F 1-2: Ball 2-2: Ball 3-2: Ground out 6-3 (Groundball, 6MS)
|
Batting: RHB Garrett Hinton
|
0-0: Ball 1-0: Called Strike 1-1: Ball 2-1: Foul Ball, location: 2F 2-2: Ball 3-2: Strikes out swinging, 2-3 out at first.
|
Bottom of the 2nd over - 0 run(s), 0 hit(s), 0 error(s), 0 left on base; Butler HS 0 - Dublin Jerome HS 0 |
TOP OF THE 3RD |
Butler HS Golden Tornado batting - Pitching for Dublin Jerome HS Celtics : RHP Juan Domínguez
|
Batting: RHB Warren Thornton
|
0-0: Ball 1-0: Swinging Strike 1-1: Swinging Strike 1-2: Ball 2-2: Ball 3-2: Foul Ball, location: 2F 3-2: Foul Ball, location: 2F 3-2: Strikes out swinging
|
Batting: LHB Francisco Sousa
|
0-0: Swinging Strike 0-1: Ball 1-1: Swinging Strike 1-2: Foul Ball, location: 2F 1-2: Strikes out looking
|
Batting: RHB Luis Mota
|
0-0: Foul Ball, location: 2F 0-1: Ball 1-1: SINGLE (Line Drive, 56D)
|
Batting: RHB Blake Carpenter
|
0-0: Called Strike 0-1: Ball Wild Pitch! Luis Mota to second 1-1: SINGLE (Flyball, 78S) Luis Mota to third Runner from 3rd tries for Home, SAFE, no throw
|
Batting: RHB Ernie Saunders
|
0-0: Ball Blake Carpenter is caught stealing 2nd base
|
Top of the 3rd over - 1 run(s), 2 hit(s), 0 error(s), 0 left on base; Butler HS 1 - Dublin Jerome HS 0 |
BOTTOM OF THE 3RD |
Dublin Jerome HS Celtics batting - Pitching for Butler HS Golden Tornado : RHP Greg Woods
|
Batting: LHB Fred Anderson
|
0-0: Called Strike 0-1: Ball 1-1: Foul Ball, location: 2F 1-2: Ball 2-2: Foul Ball, location: 2F 2-2: Ball 3-2: Foul Ball, location: 2F 3-2: Foul Ball, location: 2F 3-2: Foul Ball, location: 2F 3-2: SINGLE (Line Drive, 6MD)
|
Batting: SHB Richard Wynn
|
0-0: Ball 1-0: Ball 2-0: Called Strike 2-1: Ball Fred Anderson steals 2nd base 3-1: Called Strike 3-2: Foul Ball, location: 2F 3-2: Fly out, F7 (Flyball, 7S)
|
Batting: RHB Michael Irvin
|
0-0: Ball 1-0: Foul Ball, location: 2F 1-1: Ball 2-1: Ball 3-1: Base on Balls
|
Batting: LHB Spencer Copeland
|
0-0: Called Strike 0-1: Called Strike 0-2: Ball 1-2: Grounds out, U3 (Groundball, 3L) Fred Anderson to third
|
Batting: RHB Bill Becker
|
0-0: Called Strike 0-1: Ball 1-1: Called Strike 1-2: Ball 2-2: Strikes out swinging
|
Bottom of the 3rd over - 0 run(s), 1 hit(s), 0 error(s), 2 left on base; Butler HS 1 - Dublin Jerome HS 0 |
TOP OF THE 4TH |
Butler HS Golden Tornado batting - Pitching for Dublin Jerome HS Celtics : RHP Juan Domínguez
|
Batting: RHB Ernie Saunders
|
0-0: Ball 1-0: Swinging Strike 1-1: Called Strike 1-2: Ball 2-2: Foul Ball, location: 2F 2-2: Foul Ball, location: 2F 2-2: Strikes out swinging
|
Batting: RHB Matt McDonald
|
0-0: Ball 1-0: Ball 2-0: Foul Ball, location: 2F 2-1: Foul Ball, location: 2F 2-2: Strikes out swinging
|
Batting: RHB Tom Copeland
|
0-0: Ball 1-0: Reached on error, E5 (Groundball, 56)
|
Batting: RHB David Gibson
|
0-0: Ball 1-0: Swinging Strike 1-1: Foul Ball, location: 2F 1-2: Strikes out looking
|
Top of the 4th over - 0 run(s), 0 hit(s), 1 error(s), 1 left on base; Butler HS 1 - Dublin Jerome HS 0 |
BOTTOM OF THE 4TH |
Dublin Jerome HS Celtics batting - Pitching for Butler HS Golden Tornado : RHP Greg Woods
|
Batting: SHB Brian Jackson
|
0-0: Foul Ball, location: 2F 0-1: Ball 1-1: Foul Ball, location: 2F 1-2: Ball 2-2: Ball 3-2: Strikes out swinging
|
Batting: RHB Ben Griffin
|
0-0: Foul Ball, location: 2F 0-1: Called Strike 0-2: Strikes out looking
|
Batting: RHB Pedro Polanco
|
0-0: SINGLE (Groundball, 34D)
|
Batting: RHB Garrett Hinton
|
0-0: Called Strike 0-1: Foul Ball, location: 2F 0-2: Ball 1-2: Foul Ball, location: 2F 1-2: Foul Ball, location: 2F 1-2: Foul Ball, location: 2F 1-2: Ball 2-2: Strikes out swinging, 2-3 out at first.
|
Bottom of the 4th over - 0 run(s), 1 hit(s), 0 error(s), 1 left on base; Butler HS 1 - Dublin Jerome HS 0 |
TOP OF THE 5TH |
Butler HS Golden Tornado batting - Pitching for Dublin Jerome HS Celtics : RHP Juan Domínguez
|
Batting: RHB Héctor Meléndez
|
0-0: Called Strike 0-1: SINGLE (Line Drive, 89M)
|
Batting: RHB Warren Thornton
|
0-0: Foul Ball, location: 2F 0-1: Ball 1-1: Reached on error, E6 (Groundball, 6) Héctor Meléndez to second
|
Batting: LHB Francisco Sousa
|
0-0: SINGLE (Groundball, 4D) Héctor Meléndez to third Warren Thornton to second
|
Batting: RHB Luis Mota
|
0-0: Ball 1-0: Ball 2-0: Foul Ball, location: 2F 2-1: Foul Ball, location: 2F 2-2: Fly out, F9 (Flyball, 9S)
|
Pitching: LHP Tracy Gordon
|
|
Batting: RHB Blake Carpenter
|
0-0: Called Strike 0-1: Hit by Pitch Héctor Meléndez scores Warren Thornton to third Francisco Sousa to second
|
Batting: RHB Ernie Saunders
|
0-0: Swinging Strike 0-1: Foul Ball, location: 2F 0-2: Strikes out looking
|
Batting: RHB Matt McDonald
|
0-0: Ball 1-0: Ground out 5-3 (Groundball, 56S)
|
Top of the 5th over - 1 run(s), 2 hit(s), 1 error(s), 3 left on base; Butler HS 2 - Dublin Jerome HS 0 |
BOTTOM OF THE 5TH |
Dublin Jerome HS Celtics batting - Pitching for Butler HS Golden Tornado : RHP Greg Woods
|
Pitching: RHP Dave Murray
|
|
Batting: LHB Fred Anderson
|
0-0: Ball 1-0: Ball 2-0: Foul Ball, location: 2F 2-1: Called Strike 2-2: Ball 3-2: Base on Balls
|
Batting: SHB Richard Wynn
|
Pickoff Throw to First - Out! 0-0: Ball 1-0: Ball 2-0: Called Strike 2-1: Foul Ball, location: 2F 2-2: Ball 3-2: Foul Ball, location: 2F 3-2: Strikes out looking
|
Batting: RHB Michael Irvin
|
0-0: Ball 1-0: Foul Ball, location: 2F 1-1: SINGLE (Groundball, 56D)
|
Batting: LHB Spencer Copeland
|
0-0: Called Strike 0-1: Called Strike Michael Irvin steals 2nd base 0-2: Ground out 3-1 (Groundball, 34)
|
Bottom of the 5th over - 0 run(s), 1 hit(s), 0 error(s), 1 left on base; Butler HS 2 - Dublin Jerome HS 0 |
TOP OF THE 6TH |
Butler HS Golden Tornado batting - Pitching for Dublin Jerome HS Celtics : LHP Tracy Gordon
|
Batting: RHB Tom Copeland
|
0-0: Fly out, F9 (Flyball, 9S)
|
Batting: RHB David Gibson
|
0-0: Called Strike 0-1: Foul Ball, location: 2F 0-2: Foul Ball, location: 2F 0-2: Ball 1-2: Ball 2-2: Foul Ball, location: 2F 2-2: Strikes out swinging
|
Batting: RHB Héctor Meléndez
|
0-0: Ball 1-0: Ball 2-0: Called Strike 2-1: Fly out, F9 (Flyball, 9)
|
Top of the 6th over - 0 run(s), 0 hit(s), 0 error(s), 0 left on base; Butler HS 2 - Dublin Jerome HS 0 |
BOTTOM OF THE 6TH |
Dublin Jerome HS Celtics batting - Pitching for Butler HS Golden Tornado : RHP Dave Murray
|
Batting: RHB Bill Becker
|
0-0: Foul Ball, location: 2F 0-1: Ball 1-1: Called Strike 1-2: Fly out, F7 (Line Drive, 7)
|
Batting: SHB Brian Jackson
|
0-0: Ball 1-0: Called Strike 1-1: Called Strike 1-2: Foul Ball, location: 2F 1-2: Ball 2-2: Ball 3-2: Foul Ball, location: 2F 3-2: Fly out, F7 (Flyball, 7S)
|
Batting: RHB Ben Griffin
|
0-0: Called Strike 0-1: Ball 1-1: Ground out 6-3 (Groundball, 6)
|
Bottom of the 6th over - 0 run(s), 0 hit(s), 0 error(s), 0 left on base; Butler HS 2 - Dublin Jerome HS 0 |
TOP OF THE 7TH |
Butler HS Golden Tornado batting - Pitching for Dublin Jerome HS Celtics : LHP Tracy Gordon
|
Batting: RHB Warren Thornton
|
0-0: Foul Ball, location: 2F 0-1: Foul Ball, location: 2F 0-2: Hit by Pitch
|
Batting: LHB Francisco Sousa
|
0-0: Called Strike 0-1: Ball 1-1: Called Strike 1-2: Ball 2-2: Ball 3-2: Base on Balls Warren Thornton to second
|
Batting: RHB Luis Mota
|
0-0: Called Strike 0-1: Ball 1-1: SINGLE (Groundball, 56D) Warren Thornton to third Francisco Sousa to second
|
Batting: RHB Blake Carpenter
|
0-0: Called Strike 0-1: Called Strike 0-2: Ball 1-2: Fly out, F9 (Flyball, 89D) Runner from 3rd tags up, SCORES, no throw
|
Batting: RHB Ernie Saunders
|
0-0: Ball 1-0: Foul Ball, location: 2F 1-1: Swinging Strike 1-2: Foul Ball, location: 2F 1-2: Ball 2-2: Strikes out looking
|
Batting: RHB Matt McDonald
|
0-0: SINGLE (Flyball, 7LS) Francisco Sousa to third Luis Mota to second
|
Batting: RHB Tom Copeland
|
0-0: Foul Ball, location: 2F 0-1: Foul Ball, location: 2F 0-2: Ball 1-2: Ball 2-2: Foul Ball, location: 2F 2-2: Foul Ball, location: 2F 2-2: Strikes out looking
|
Top of the 7th over - 1 run(s), 2 hit(s), 0 error(s), 3 left on base; Butler HS 3 - Dublin Jerome HS 0 |
BOTTOM OF THE 7TH |
Dublin Jerome HS Celtics batting - Pitching for Butler HS Golden Tornado : RHP Dave Murray
|
Batting: RHB Pedro Polanco
|
0-0: Ball 1-0: Swinging Strike 1-1: Ball 2-1: Fly out, F9 (Flyball, 9S)
|
Batting: RHB Garrett Hinton
|
0-0: Ball 1-0: Reached on error, E3 (Groundball, 34S)
|
Batting: LHB Fred Anderson
|
0-0: Ball 1-0: Foul Ball, location: 2F 1-1: Ball 2-1: Fly out, F7 (Flyball, 7LS)
|
Batting: SHB Richard Wynn
|
0-0: Ball 1-0: Ball 2-0: Ball 3-0: Called Strike 3-1: Base on Balls Garrett Hinton to second
|
Batting: RHB Michael Irvin
|
0-0: Ball 1-0: Called Strike 1-1: Foul Ball, location: 2F 1-2: Strikes out swinging
|
Bottom of the 7th over - 0 run(s), 0 hit(s), 1 error(s), 2 left on base; Butler HS 3 - Dublin Jerome HS 0 |
TOP OF THE 8TH |
Butler HS Golden Tornado batting - Pitching for Dublin Jerome HS Celtics : LHP Tracy Gordon
|
Batting: RHB David Gibson
|
0-0: Called Strike 0-1: Foul Ball, location: 2F 0-2: Strikes out swinging
|
Pitching: RHP Bill Howard
|
|
Batting: RHB Héctor Meléndez
|
0-0: Called Strike 0-1: SOLO HOME RUN (Flyball, 7LD), Distance : 356 ft
|
Batting: RHB Warren Thornton
|
0-0: Ball 1-0: Fly out, F8 (Flyball, 89M)
|
Batting: LHB Francisco Sousa
|
0-0: Ball 1-0: Ball 2-0: Called Strike 2-1: Swinging Strike 2-2: Foul Ball, location: 2F 2-2: Hit by Pitch
|
Batting: RHB Luis Mota
|
0-0: Ball 1-0: Ball 2-0: Called Strike 2-1: Swinging Strike Francisco Sousa steals 2nd base 2-2: Strikes out swinging
|
Top of the 8th over - 1 run(s), 1 hit(s), 0 error(s), 1 left on base; Butler HS 4 - Dublin Jerome HS 0 |
BOTTOM OF THE 8TH |
Dublin Jerome HS Celtics batting - Pitching for Butler HS Golden Tornado : RHP Dave Murray
|
Batting: LHB Spencer Copeland
|
0-0: Ball 1-0: Ball 2-0: Called Strike 2-1: SINGLE (Line Drive, 34)
|
Pitching: LHP Rich McBride
|
|
Batting: RHB Bill Becker
|
0-0: Ball 1-0: DOUBLE (Line Drive, 89S) Spencer Copeland to third
|
Pitching: RHP Jacob Brown
|
|
Batting: SHB Brian Jackson
|
0-0: Ball 1-0: Called Strike 1-1: Foul Ball, location: 2F 1-2: Ball Wild Pitch! Spencer Copeland scores Bill Becker to third 2-2: Foul Ball, location: 2F 2-2: Foul Ball, location: 2F 2-2: Ball 3-2: Foul Ball, location: 2F 3-2: Fly out, F7 (Flyball, 7LS) Runner from 3rd tags up, SCORES, no throw
|
Batting: RHB Ben Griffin
|
0-0: Foul Ball, location: 2F 0-1: Swinging Strike 0-2: Ball 1-2: Ball 2-2: Strikes out swinging
|
Batting: RHB Pedro Polanco
|
0-0: Ball 1-0: Ball 2-0: Ball 3-0: Called Strike 3-1: Ground out 6-3 (Groundball, 6)
|
Bottom of the 8th over - 2 run(s), 2 hit(s), 0 error(s), 0 left on base; Butler HS 4 - Dublin Jerome HS 2 |
TOP OF THE 9TH |
Butler HS Golden Tornado batting - Pitching for Dublin Jerome HS Celtics : RHP Bill Howard
|
Batting: RHB Blake Carpenter
|
0-0: Ball 1-0: Ball 2-0: Fly out, F8 (Flyball, 8LS)
|
Batting: RHB Ernie Saunders
|
0-0: Ball 1-0: Foul Ball, location: 2F 1-1: Foul Ball, location: 2F 1-2: Strikes out swinging
|
Batting: RHB Matt McDonald
|
0-0: Foul Ball, location: 2F 0-1: Ball 1-1: Swinging Strike 1-2: Ball 2-2: Strikes out swinging
|
Top of the 9th over - 0 run(s), 0 hit(s), 0 error(s), 0 left on base; Butler HS 4 - Dublin Jerome HS 2 |
BOTTOM OF THE 9TH |
Dublin Jerome HS Celtics batting - Pitching for Butler HS Golden Tornado : RHP Jacob Brown
|
Pitching: RHP Claudio García
|
|
Now at 2B: Fred Taylor
|
|
Batting: RHB Garrett Hinton
|
0-0: Ball 1-0: Called Strike 1-1: Ball 2-1: Called Strike 2-2: Strikes out swinging
|
Batting: LHB Fred Anderson
|
0-0: Ball 1-0: Ball 2-0: Ball 3-0: Called Strike 3-1: Foul Ball, location: 2F 3-2: Foul Ball, location: 2F 3-2: Base on Balls
|
Batting: SHB Richard Wynn
|
0-0: Grounds into double play, 5-4-3 (Groundball, 56)
|
Bottom of the 9th over - 0 run(s), 0 hit(s), 0 error(s), 0 left on base; Butler HS 4 - Dublin Jerome HS 2 |
|